 Dungeon Crawl Stone Soup version 0.28.0-53-g5a82cb258f (webtiles) character file.

Game seed: 8443499401522967216

6364 cbfl8 the Cleaver (level 10, -1/141 HPs)
             Began as a Minotaur Berserker on July 14, 2022.
             Was an Elder of Trog.
             Slain by a seven-headed hydra (4 damage)
             ... on level 9 of the Dungeon.
             The game lasted 00:20:48 (12292 turns).

cbfl8 the Cleaver (Minotaur Berserker)             Turns: 12292, Time: 00:20:48

Health: -1/141     AC: 17    Str: 21    XL:     10   Next: 65%
Magic:  9/9        EV:  8    Int:  4    God:    Trog [****..]
Gold:   448        SH:  0    Dex: 15    Spells: 9/9 levels left

rFire   . . .      SeeInvis .   O - +3 battleaxe
rCold   . . .      Faith    +   (shield currently unavailable)
rNeg    + . .      Spirit   .   F - +0 plate armour
rPois   +          Reflect  .   l - +2 hat
rElec   .          Harm     .   M - +0 cloak {rPois}
rCorr   .          Rampage  .   (no gloves)
Will    +++..                   (no boots)
Stlth   ..........              D - amulet of faith
HPRegen 1.33/turn               k - ring of positive energy
MPRegen 0.11/turn               u - ring of willpower

@: berserking, strong-willed, regenerating, very quick
A: horns 2, retaliatory headbutt
a: Renounce Religion, Berserk, Trog's Hand, Brothers in Arms


You were on level 9 of the Dungeon.
You worshipped Trog.
Trog was greatly pleased with you.
You visited 1 branch of the dungeon, and saw 9 of its levels.
You also visited: Ossuary.

You collected 448 gold pieces.

Inventory:

Hand Weapons
 a - a +0 hand axe
 J - a +5 hand axe
 L - a +3 quarterstaff of chaos
 N - the +6 mace of the Heavens {protect, Will+ Int+6}
   (You found it on level 7 of the Dungeon)

   It grants its wielder temporary protection when it strikes (+7 to AC).
   Int:       It affects your intelligence (+6).
   Will:      It increases your willpower.
 O - a +3 battleaxe (weapon)
 Q - a +7 halberd
Armour
 b - a +0 animal skin
 d - a +0 chain mail
 l - a +2 hat (worn)
 F - a +0 plate armour (worn)
 M - a +0 cloak of poison resistance (worn)
Jewellery
 k - a ring of positive energy (left hand)
 u - a ring of willpower (right hand)
 B - an amulet of reflection
 D - an amulet of faith (around neck)
 E - a ring of fire
Wands
 G - a wand of flame (22)
 P - a wand of iceblast (13)
Scrolls
 c - 3 scrolls of immolation {unknown}
 f - 3 scrolls of holy word {unknown}
 i - a scroll of enchant armour
 j - a scroll of amnesia {unknown}
 m - 3 scrolls of teleportation
 o - 3 scrolls of enchant weapon {unknown}
 p - a scroll of vulnerability {unknown}
 q - 4 scrolls of magic mapping {unknown}
 r - 2 scrolls of acquirement {unknown}
 v - 3 scrolls of silence {unknown}
 y - 6 scrolls of identify {unknown}
 A - a scroll of fog {unknown}
 C - a scroll of brand weapon {unknown}
 H - a scroll of fear {unknown}
Potions
 e - 2 potions of attraction {unknown}
 g - 2 potions of lignification {unknown}
 h - a potion of magic {unknown}
 n - a potion of resistance {unknown}
 s - a potion of ambrosia {unknown}
 t - a potion of degeneration {unknown}
 w - a potion of brilliance {unknown}
 x - 3 potions of berserk rage {unknown}
 z - a potion of heal wounds
 I - a potion of cancellation {unknown}
 K - a potion of might {unknown}
 R - 2 potions of curing {unknown}


   Skills:
 * Level 10.4 Fighting
 * Level 11.3 Axes
 + Level 9.8 Armour
 + Level 3.7 Dodging
 * Level 5.5 Stealth
 * Level 2.3 Evocations


You had 9 spell levels left.
You didn't know any spells.
Your spell library was empty.

Dungeon Overview and Level Annotations

Branches:
Dungeon (9/15)             Temple (0/1) D:4            Lair (0/6) D:8
Ossuary (visited)
    Orc: D:9-12

Altars:
Qazlal
Zin

Shops:
D:6 *


Innate Abilities, Weirdness & Mutations

You have a pair of horns on your head.
You reflexively headbutt those who attack you in melee.


Message History

A seven-headed hydra comes into view.
The seven-headed hydra roars!
The two-headed ogre hits you with a +0 giant club!
The two-headed ogre barely misses you.
There is an open door here.
You barely miss the two-headed ogre.
You headbutt the two-headed ogre, but do no damage.
You barely miss the two-headed ogre. You headbutt the two-headed ogre.
The two-headed ogre is lightly wounded.
The two-headed ogre barely misses you. The two-headed ogre closely misses you.
Your ogre goes berserk!
Trog will no longer gift you weapons.
The two-headed ogre hits you but does no damage.
The two-headed ogre hits you with a +0 giant club!!
Your skin crawls.
You feel strong-willed.
The two-headed ogre hits you with a +0 giant club!
The two-headed ogre completely misses you.
The seven-headed hydra barely misses you.
The seven-headed hydra closely misses you.
The seven-headed hydra barely misses you.
The seven-headed hydra closely misses you.
The seven-headed hydra bites you!
The seven-headed hydra bites you but does no damage. x2
A red film seems to cover your vision as you go berserk!
You feel yourself moving faster!
You feel mighty!
Your ogre barely misses the two-headed ogre.
The two-headed ogre hits you with a +0 giant club!
The two-headed ogre hits you with a +0 giant club!!
* * * LOW HITPOINT WARNING * * *
The seven-headed hydra bites you but does no damage.
The seven-headed hydra bites you!
* * * LOW HITPOINT WARNING * * *
The seven-headed hydra bites you!
* * * LOW HITPOINT WARNING * * *
The seven-headed hydra barely misses you.
The seven-headed hydra bites you!
* * * LOW HITPOINT WARNING * * *
The seven-headed hydra bites you.
You die...

####### ....... .......
#################O......
..........<.....@O......
#################D......
....... ####### ## #. #.


You could see a seven-headed hydra, a two-headed ogre (ally target) and a
friendly ogre (summoned, berserk).

Vanquished Creatures
  A two-headed ogre (D:6)
  A hornet (D:9)
  A wraith (D:9)
  6 water moccasins
  2 orc warriors
  5 black bears
  A necrophage (D:8)
  A sky beast (D:5)
  4 ogres
  A phantom (D:5)
  2 kobold brigands
  9 bullfrogs
  A gnoll sergeant (D:9)
  2 water moccasin zombies (Ossuary)
  2 scorpions
  11 killer bees (D:8)
  7 wights
  A howler monkey (D:8)
  6 bullfrog zombies (Ossuary)
  A crimson imp (D:6)
  5 centaur zombies
  2 jellies
  8 orc priests
  Crazy Yiuf (D:7)
  2 hounds
  A bullfrog skeleton (D:6)
  5 orc wizards
  3 killer bee zombies (Ossuary)
  A hound skeleton (D:4)
  12 mummies (Ossuary)
  2 howler monkey zombies
  6 gnolls
  A river rat (D:4)
  10 adders
  2 howler monkey skeletons
  A white imp (D:6)
  An ufetubus (D:5)
  A worm (D:4)
  3 dart slugs
  33 orcs
  12 endoplasms
  3 giant cockroaches
  10 goblins
  9 hobgoblins
  8 jackals (D:1)
  15 kobolds
  3 quokkas
  8 ball pythons
  3 bats (D:1)
  A frilled lizard (D:2)
  10 rats
247 creatures vanquished.

Vanquished Creatures (collateral kills)
  Prince Ribbit (D:9)
1 creature vanquished.

Vanquished Creatures (others)
  51 fungi (D:8)
  58 plants
  11 withered plants (Ossuary)
120 creatures vanquished.

Grand Total: 368 creatures vanquished

Notes
Turn   | Place    | Note
-------+----------+-------------------------------------------
     0 | D:1      | cbfl8 the Minotaur Berserker began the quest for the Orb.
     0 | D:1      | Reached XP level 1. HP: 19/19 MP: 0/0
   186 | D:1      | Reached XP level 2. HP: 12/27 MP: 1/1
   188 | D:1      | Reached skill level 4 in Axes
   738 | D:1      | Reached ** piety under Trog
   739 | D:1      | Reached XP level 3. HP: 22/33 MP: 2/2
  1650 | D:2      | Noticed an ogre
  1801 | D:2      | Killed an ogre
  1802 | D:2      | Reached skill level 5 in Axes
  1802 | D:2      | Reached XP level 4. HP: 41/41 MP: 3/3
  1802 | D:2      | Reached XP level 5. HP: 47/47 MP: 4/4
  2005 | D:2      | Found a stormy altar of Qazlal.
  2195 | D:2      | Found a faded altar of an unknown god.
  2665 | D:3      | Reached skill level 5 in Fighting
  2665 | D:3      | Reached skill level 1 in Stealth
  3127 | D:4      | Found a glowing silver altar of Zin.
  3131 | D:4      | Noticed an ogre
  3139 | D:4      | Killed an ogre
  3140 | D:4      | Reached skill level 6 in Axes
  3140 | D:4      | Reached XP level 6. HP: 56/56 MP: 5/5
  3211 | D:4      | Reached *** piety under Trog
  3229 | D:4      | Found a sand-covered staircase.
  3238 | Ossuary  | Entered an ossuary
  3509 | Ossuary  | Reached XP level 7. HP: 45/61 MP: 6/6
  4246 | Ossuary  | Reached skill level 7 in Axes
  4246 | Ossuary  | Reached skill level 5 in Armour
  4758 | Ossuary  | Reached XP level 8. HP: 70/70 MP: 7/7
  4917 | D:4      | Found a staircase to the Ecumenical Temple.
  5668 | D:5      | Entered Level 5 of the Dungeon
  6177 | D:5      | Reached skill level 8 in Axes
  6226 | D:5      | Reached **** piety under Trog
  7224 | D:5      | Reached skill level 9 in Axes
  7224 | D:5      | Reached XP level 9. HP: 80/81 MP: 8/8
  8394 | D:6      | Found Ajommic's Lightly-Used Armoury.
  8484 | D:6      | Noticed a two-headed ogre
  8494 | D:6      | Killed a two-headed ogre
  8495 | D:6      | Reached skill level 10 in Axes
  9478 | D:7      | Reached skill level 5 in Stealth
  9626 | D:7      | Found a runed translucent door.
  9627 | D:7      | Noticed Crazy Yiuf
  9721 | D:7      | Killed Crazy Yiuf
  9727 | D:7      | Identified the +6 mace of the Heavens {protect, Will+
                  | Int+6}
  9862 | D:7      | Reached XP level 10. HP: 86/91 MP: 9/9
 10025 | D:8      | Reached ***** piety under Trog
 10026 | D:8      | Reached skill level 1 in Evocations
 10472 | D:8      | Found a staircase to the Lair.
 10705 | D:8      | Received a gift from Trog
 11297 | D:8      | Reached skill level 10 in Fighting
 11618 | D:9      | Noticed Prince Ribbit
 11629 | D:9      | Killed Prince Ribbit
 11630 | D:9      | Reached skill level 11 in Axes
 12286 | D:9      | Noticed a two-headed ogre
 12286 | D:9      | Noticed a seven-headed hydra
 12292 | D:9      | HP: 3/141 [seven-headed hydra (13)]
 12292 | D:9      | Slain by a seven-headed hydra

Illustrated notes

Levels and vault maps discovered:
D:1:      nicolae_arrival_somewhat_less_tricky_arrival, layout_basic,
          hex_medium, minmay_pentomino_w4
D:2:      layout_rooms, basic_altar, chequers_ecumenical_altar_grove
D:3:      layout_rooms
D:4:      layout_loops_ring, mainiacjoe_overflow_cross_hatched, temple_pool_b,
          nicolae_ossuary_entry_monument, gup_sewer_entry_bubbles
D:5:      layout_basic
D:6:      nicolae_cairo_tiling_large, layout_basic, minmay_shop_damaged,
          minmay_fire_ice_demons
D:7:      layout_basic, uniq_crazy_yiuf_cottage
D:8:      layout_loops_cross, nicolae_overflow_hidden_temple,
          due_lair_maze_entry_diamond, serial_bayou_pond_b
D:9:      layout_roguey, hellmonk_guarded_unrand_gyre_and_gimble,
          uniq_prince_ribbit1

Skill      XL: |  1  2  3  4  5  6  7  8  9 10 |
---------------+-------------------------------+-----
Axes           | 4 5 6 7 9 10 11 | 11.3
Fighting       | 4 5 6 7 9 10 | 10.4
Armour         | 3 4 5 6 9 |  9.8
Dodging        | 3 |  3.7
Stealth        | 1 2 4 5 |  5.5
Evocations     | 2 |  2.3

Action                   |  1- 3 |  4- 6 |  7- 9 | 10-12 || total
-------------------------+-------+-------+-------+-------++-------
Melee: Hand axe          |    74 |   132 |   428 |       ||   634
       Headbutt          |    10 |    21 |    91 |    22 ||   144
       Punch             |       |       |     4 |       ||     4
       Mace              |       |       |     8 |       ||     8
       Battleaxe         |       |       |     3 |   124 ||   127
Invok: Berserk           |     3 |     4 |     6 |     3 ||    16
       Trog's Hand       |     1 |     1 |       |     2 ||     4
       Brothers in Arms  |       |       |       |     2 ||     2
  Use: Scroll            |       |     2 |       |       ||     2
Armor: Animal skin       |     7 |       |       |       ||     7
       Chain mail        |    16 |    79 |    87 |       ||   182
       Plate armour      |       |       |   153 |   142 ||   295
Dodge: Dodged            |    55 |    82 |   168 |    86 ||   391
